 Dungeon Crawl Stone Soup version 0.23.2-1-ga50397a (webtiles) character file.

Game seed: 8444653873955931957

14429 Borgoz the Carver (level 11, -2/104 HPs)
             Began as a Minotaur Berserker on May 26, 2019.
             Was a High Priest of Trog.
             Slain by a seven-headed hydra (7 damage)
             ... on level 12 of the Dungeon.
             The game lasted 00:20:33 (10746 turns).

Borgoz the Carver (Minotaur Berserker)             Turns: 10746, Time: 00:20:34

Health: -2/104     AC: 21    Str: 26    XL:     11   Next: 88%
Magic:  10/10      EV: 13    Int:  6    God:    Trog [*****.]
Gold:   486        SH:  0    Dex: 10    Spells: 10/10 levels left

rFire    + . .     SeeInvis .   C - +6 great sword of Jiaxt {venom, rN++ Str+3 Dex-5}
rCold    . . .     Gourm    .   (shield currently unavailable)
rNeg     + + .     Faith    .   I - +7 chain mail of the Swamp {rPois Int+2}
rPois    +         Spirit   .   (helmet restricted)
rElec    .         Reflect  .   K - scarf {repulsion}
rCorr    .         Harm     .   (no gloves)
MR       .....                  i - +1 pair of boots
Stlth    ..........             (no amulet)
HPRegen  0.27/turn              H - ring of protection from fire
MPRegen  0.12/turn              q - +3 ring of dexterity

@: repel missiles
A: retaliatory headbutt, horns 2
a: Berserk, Trog's Hand, Brothers in Arms, Renounce Religion


You were on level 12 of the Dungeon.
You worshipped Trog.
Trog was extremely pleased with you.
You were not hungry.

You visited 2 branches of the dungeon, and saw 13 of its levels.

You collected 630 gold pieces.
You spent 144 gold pieces at shops.

Inventory:

Hand Weapons
 s - the +12 quarterstaff of Minotaur's Regret {crush, rElec}
   (Trog gifted it to you on level 11 of the Dungeon)

   It inflicts extra damage upon your enemies.
   It insulates you from electricity.
 z - the +8 whip of Agony {venom, +Rage MR+, unknown}
   (You found it on level 11 of the Dungeon)

   It poisons the flesh of those it strikes.
   It affects your resistance to hostile enchantments.
   It lets you go berserk.
 C - the +6 great sword of Jiaxt (weapon) {venom, rN++ Str+3 Dex-5}
   (You found it on level 7 of the Dungeon)

   It poisons the flesh of those it strikes.
   It affects your strength (+3).
   It affects your dexterity (-5).
   It greatly protects you from negative energy.
Missiles
 J - a throwing net (quivered)
Armour
 i - a +1 pair of boots (worn)
 m - the +1 robe of Words of Power {Regen+ Dex+4}
   (You found it on level 4 of the Dungeon)

   It affects your dexterity (+4).
   It increases your rate of regeneration.
 r - +0 swamp dragon scales
 x - the +3 leather armour of the Wumpus {Dex+2}
   (You found it on level 5 of the Dungeon)

   It affects your dexterity (+2).
 I - the +7 chain mail of the Swamp (worn) {rPois Int+2}
   (You found it on level 10 of the Dungeon)

   It affects your intelligence (+2).
   It protects you from poison.
 K - a scarf of repulsion (worn)
Jewellery
 k - an uncursed ring of resist corrosion
 n - a +3 ring of intelligence
 q - a +3 ring of dexterity (right hand)
 H - a ring of protection from fire (left hand)
 N - the ring of Viwkuwics {rC+ Str+3, unknown}
   (You found it on level 12 of the Dungeon)

   [ring of strength]

   It affects your strength (+3).
   It protects you from cold.
Wands
 l - a wand of acid (18)
 v - a wand of random effects (31)
 w - a wand of flame (46)
 y - a wand of paralysis (6)
Scrolls
 a - 2 scrolls of fear
 o - 5 scrolls of remove curse
 t - 2 scrolls of magic mapping
 B - 2 scrolls of enchant weapon
 D - 2 scrolls of teleportation
 F - 7 scrolls of identify
 G - a scroll of immolation
Potions
 b - 8 potions of curing
 d - a potion of haste
 e - 2 potions of heal wounds
 f - 4 potions of berserk rage
 g - a potion of brilliance
 h - 3 potions of invisibility
 j - 2 potions of mutation
 p - a potion of might
 u - 3 potions of flight
 A - 2 potions of lignification
 E - a potion of agility
 M - a potion of ambrosia {unknown}
Comestibles
 c - 25 rations
 L - 19 chunks of flesh


   Skills:
 + Level 11.9 Fighting
 + Level 12.0 Long Blades
 + Level 11.6 Armour
 + Level 10.8 Dodging


You had 10 spell levels left.
You didn't know any spells.
Your spell library was empty.

Dungeon Overview and Level Annotations

Branches:
Dungeon (12/15)            Temple (1/1) D:4            Lair (0/6) D:8
    Orc (0/2) D:10

Altars:
Ashenzari
Cheibriados
Dithmenos
Elyvilon
Fedhas
Gozag
Hepliaklqana
Kikubaaqudgha
Makhleb
Nemelex Xobeh
Okawaru
Qazlal
Ru
Sif Muna
Trog
Uskayaw
Vehumet
Wu Jian
Xom
Yredelemnul
Zin
The Shining One

Shops:
D:4 !   D:7 [   D:12 [

Annotations:
D:8 3 runed translucent doors, kalagan's ghost, novice DEEE


Innate Abilities, Weirdness & Mutations

You reflexively headbutt those who attack you in melee.
You have a pair of horns on your head.


Message History

The seven-headed hydra bites you.
* * * LOW HITPOINT WARNING * * *
The seven-headed hydra barely misses you.
The seven-headed hydra misses you.
The seven-headed hydra bites you but does no damage. x2
The seven-headed hydra bites you!
* * * LOW HITPOINT WARNING * * *
Throwing (i - inventory)
J - 2 throwing nets (quivered)
Press: ? - help, Shift-Dir - straight line, f/p - seven-headed hydra
Aim: a seven-headed hydra (almost dead, poisoned)
You throw a throwing net.
The throwing net barely misses the seven-headed hydra.
The seven-headed hydra bites you but does no damage.
The seven-headed hydra closely misses you.
The seven-headed hydra barely misses you.
The seven-headed hydra bites you!
* * * LOW HITPOINT WARNING * * *
The seven-headed hydra bites you but does no damage.
The seven-headed hydra bites you!
You die...

########################
.>...............((.....
..........#####(......!.
..#####...# #(.#######
..# #...#####(.#
..#####........)@#
................)D......
###...............(.....
#..#####..############
#..# #..# #..# #..#
###... ...# ....... ....
.......


You could see a seven-headed hydra.

Vanquished Creatures
  A two-headed ogre (D:9)
  Sonja (D:11)
  Pikel (D:5)
  A deep elf mage (D:12)
  A manticore (D:7)
  Psyche (D:8)
  A troll (D:10)
  4 slime creatures (D:12)
  2 hippogriffs (D:10)
  2 shadows
  A wyvern (D:8)
  A wraith (D:11)
  A vampire (D:9)
  3 yaks (D:11)
  A hungry ghost (D:9)
  A water moccasin (D:9)
  The ghost of Magicfruit the Grave Robber, an amateur DENe (D:3)
  A porcupine (D:8)
  4 orc warriors
  8 ice beasts
  4 slaves (D:5)
  5 sky beasts
  8 ogres
  2 black bears (D:8)
  3 phantoms
  13 centaurs
  4 necrophages
  A big kobold (D:10)
  Blork the orc (D:5)
  8 bullfrogs
  A wyvern zombie (D:10)
  27 killer bees
  3 scorpions
  10 wights
  12 howler monkeys
  7 crimson imps
  A bullfrog zombie (D:6)
  A centaur zombie (D:8)
  A jelly (D:5)
  3 quasits (D:3)
  7 hounds
  6 orc priests
  5 orc wizards
  3 bullfrog skeletons
  An iguana (D:5)
  2 centaur skeletons
  10 worker ants
  3 gnolls (D:7)
  11 adders
  5 shadow imps
  An adder zombie (D:5)
  An adder skeleton (D:6)
  5 worms
  5 dart slugs
  2 leopard geckos
  43 orcs
  A ball python (D:5)
  5 giant cockroaches
  8 goblins
  5 hobgoblins
  9 jackals
  3 quokkas
  4 bats
  4 frilled lizards
  3 goblin skeletons (D:7)
  A goblin zombie (D:7)
  11 kobolds
  A kobold skeleton (D:7)
  A kobold zombie (D:7)
  A leopard gecko skeleton (D:4)
  2 orc skeletons (D:7)
  An orc zombie (D:7)
  2 quokka zombies (D:6)
  7 rats
331 creatures vanquished.

Vanquished Creatures (others)
  3 plants (D:8)
3 creatures vanquished.

Grand Total: 334 creatures vanquished

Notes
Turn   | Place    | Note
-------+----------+-------------------------------------------
     0 | D:1      | Borgoz the Minotaur Berserker began the quest for the Orb.
     0 | D:1      | Reached XP level 1. HP: 19/19 MP: 0/0
   417 | D:1      | Reached XP level 2. HP: 23/27 MP: 1/1
   710 | D:1      | Reached skill level 4 in Long Blades
  1248 | D:2      | Reached XP level 3. HP: 30/33 MP: 2/2
  1337 | D:2      | Reached ** piety under Trog
  1615 | D:2      | Reached XP level 4. HP: 35/41 MP: 3/3
  1837 | D:2      | Found a hazy altar of Hepliaklqana.
  1871 | D:2      | Found a snail-covered altar of Cheibriados.
  1873 | D:2      | Found a burning altar of Makhleb.
  1874 | D:2      | Found a white marble altar of Elyvilon.
  2145 | D:3      | Found a transporter.
  2213 | D:3      | Reached XP level 5. HP: 47/47 MP: 4/4
  2716 | D:3      | Noticed Magicfruit's ghost (amateur DENe)
  2722 | D:3      | Found a transporter.
  3023 | D:4      | Found a staircase to the Ecumenical Temple.
  3269 | D:4      | Reached skill level 5 in Long Blades
  3277 | D:4      | Reached skill level 5 in Fighting
  3331 | D:4      | Found Feuttael's Distillery.
  3337 | D:4      | Bought a potion of might for 48 gold pieces
  3337 | D:4      | Bought a potion of invisibility for 96 gold pieces
  3602 | D:4      | Got an opalescent robe
  3665 | Temple   | Entered the Ecumenical Temple
  3956 | D:5      | Entered Level 5 of the Dungeon
  3956 | D:5      | Noticed Pikel
  3956 | D:5      | Noticed a slave
  3956 | D:5      | Noticed a slave
  3956 | D:5      | Noticed a slave
  3957 | D:5      | Noticed a slave
  3961 | D:5      | Reached XP level 6. HP: 56/56 MP: 5/5
  3965 | D:5      | Killed a slave
  3972 | D:5      | Killed a slave
  3978 | D:5      | Killed a slave
  3982 | D:5      | Killed a slave
  3983 | D:5      | Killed Pikel
  3983 | D:5      | Reached skill level 6 in Long Blades
  3983 | D:5      | Reached skill level 5 in Armour
  3983 | D:5      | Reached skill level 5 in Dodging
  3983 | D:5      | Reached XP level 7. HP: 42/63 MP: 6/6
  4063 | D:5      | Reached *** piety under Trog
  4261 | D:5      | Reached XP level 8. HP: 69/71 MP: 7/7
  4273 | D:5      | Found an opulent altar of Gozag.
  4429 | D:5      | Got a bronze leather armour
  4510 | D:5      | Noticed Blork the orc
  4532 | D:5      | Killed Blork the orc
  4532 | D:5      | Reached skill level 7 in Long Blades
  5235 | D:6      | Reached skill level 8 in Long Blades
  5235 | D:6      | Reached XP level 9. HP: 41/81 MP: 8/8
  5786 | D:7      | Reached **** piety under Trog
  5823 | D:7      | Found a glowing golden altar of the Shining One.
  5895 | D:7      | Got a jewelled great sword
  5896 | D:7      | Identified the +6 great sword of Jiaxt {venom, rN++ Str+3
                  | Dex-5} (You found it on level 7 of the Dungeon)
  5904 | D:7      | Found Memout's Armour Boutique.
  5929 | D:7      | Found an ornate altar of the Wu Jian Council.
  5930 | D:7      | Found a shattered altar of Ashenzari.
  5984 | D:7      | Noticed a manticore
  5989 | D:7      | Killed a manticore
  6013 | D:7      | Reached skill level 9 in Long Blades
  6215 | D:7      | Found a glowing golden altar of the Shining One.
  6593 | D:3      | Killed Magicfruit's ghost
  6763 | D:8      | Reached XP level 10. HP: 91/91 MP: 9/9
  6845 | D:8      | Reached ***** piety under Trog
  7174 | D:8      | Noticed Psyche
  7179 | D:8      | Killed Psyche
  7256 | D:8      | Found a staircase to the Lair.
  7312 | D:8      | Found a runed translucent gate.
  7312 | D:8      | Found a runed translucent gate.
  7312 | D:8      | Noticed kalagan's ghost (novice DEEE)
  7312 | D:8      | Noticed a nine-headed hydra
  7313 | D:8      | Found a runed translucent gate.
  7313 | D:8      | Noticed a nine-headed hydra
  7403 | D:8      | Identified the +3 leather armour of the Wumpus {Dex+2} (You
                  | found it on level 5 of the Dungeon)
  7413 | D:8      | Identified the cursed +1 robe of Words of Power {Regen+
                  | Dex+4} (You found it on level 4 of the Dungeon)
  7565 | D:9      | Found a glowing silver altar of Zin.
  7601 | D:9      | Noticed a two-headed ogre
  7605 | D:9      | Reached skill level 10 in Fighting
  7605 | D:9      | Reached skill level 10 in Long Blades
  7610 | D:9      | Killed a two-headed ogre
  7612 | D:9      | HP: 3/93 [something (3)]
  7969 | D:9      | Reached skill level 10 in Armour
  8534 | D:10     | Entered Level 10 of the Dungeon
  8711 | D:10     | Reached XP level 11. HP: 93/101 MP: 10/10
  8832 | D:10     | Found a staircase to the Orcish Mines.
  8943 | D:10     | Reached skill level 11 in Long Blades
  8961 | D:10     | Got a smelly chain mail
  8972 | D:10     | Identified the +7 chain mail of the Swamp {rPois Int+2}
                  | (You found it on level 10 of the Dungeon)
  9559 | D:11     | Reached skill level 10 in Dodging
  9843 | D:11     | Received a gift from Trog
  9844 | D:11     | Got a brightly glowing quarterstaff {god gift}
  9845 | D:11     | Identified the +12 quarterstaff of Minotaur's Regret
                  | {crush, rElec} (Trog gifted it to you on level 11 of the
                  | Dungeon)
  9925 | D:11     | Got a crude whip
 10063 | D:11     | Noticed Sonja
 10078 | D:11     | Killed Sonja
 10556 | D:12     | Found Mypamm's Antique Armour Shoppe.
 10586 | D:12     | Noticed a deep elf mage
 10597 | D:12     | Killed a deep elf mage
 10626 | D:12     | Got a sparkling glass ring
 10717 | D:12     | Reached skill level 12 in Long Blades
 10738 | D:12     | Noticed a five-headed hydra
 10746 | D:12     | HP: 5/104 [seven-headed hydra (7)]
 10746 | D:12     | Slain by a seven-headed hydra

Skill      XL: |  1  2  3  4  5  6  7  8  9 10 11 |
---------------+----------------------------------+-----
Fighting       | 4 5 6 7 9 10 11 | 11.9
Long Blades    | 4 5 6 8 9 10 12 | 12.0
Armour         | 3 4 5 6 7 8 10 11 | 11.6
Dodging        | 3 4 5 6 8 9 10 | 10.8

Action                   |  1- 3 |  4- 6 |  7- 9 | 10-12 || total
-------------------------+-------+-------+-------+-------++-------
Melee: Falchion          |   103 |   101 |   176 |       ||   380
       Headbutt          |    14 |    16 |    70 |    67 ||   167
       Great sword       |       |       |    68 |   276 ||   344
Throw: Throwing net      |       |       |       |     2 ||     2
Invok: Trog's Hand       |       |     1 |       |       ||     1
       Berserk           |       |     1 |     1 |       ||     2
  Use: Scroll            |       |     9 |     5 |     4 ||    18
       Potion            |       |       |       |     1 ||     1
  Eat: Chunk             |     2 |     7 |    10 |    13 ||    32
       Ration            |       |       |     1 |       ||     1
Armor: Animal skin       |     8 |       |       |       ||     8
       Ring mail         |    13 |       |       |       ||    13
       Swamp dragon scal |     3 |    38 |   115 |    73 ||   229
       Chain mail        |       |       |       |   100 ||   100
Dodge: Dodged            |    58 |    75 |   140 |   294 ||   567
       Deflected         |       |       |       |    20 ||    20
       Rpst.: Falchion   |     9 |    21 |    35 |       ||    65
       Great sword       |       |       |    10 |    69 ||    79
